Map: [ESL] Hard Lead

Players

GogojOey

  • Race: Zerg Zerg
  • Spawn Location: 11:00

Coffee - Winner!

  • Race: Terran Terran
  • Spawn Location: 5:00

Event: ESL SC2 Masters 2023 Winter (Regional)

VOD

Have the link to the VOD?

Description

Time

  • Played on: Oct. 27, 2023, 9:37 a.m.
  • Length: 5:31

All games in this series

Show
View Real Time Build Order
Export as new Build Order

GogojOey Zerg 

Build Orders: Hatch First 

Get SALT Encoding   

  12  0:00  Drone  
  13  0:12  Overlord  
  13  0:17  Drone  
  14  0:31  Drone x2  
  16  0:47  Hatchery  
  15  0:51  Drone  
  15  0:55  Drone  
  17  0:59  Drone  
  18  1:09  Extractor  
  17  1:13  Spawning Pool  
  17  1:16  Drone  
  17  1:20  Drone  
  18  1:28  Drone  
  19  1:39  Drone  
  20  1:49  Drone  
  21  1:55  Evolution Chamber  
  21  2:00  Queen x2  
  24  2:01  Zergling x4  
  26  2:11  Overlord  
  26  2:13  Drone  
  27  2:26  Drone  
  27  2:33  Zerg Ground Armor Level 1  
  27  2:34  Drone x2  
  28  2:39  Queen  
  28  2:42  Overlord  
  30  2:48  Drone  
  31  2:51  Drone  
  31  2:53  Drone  
  31  2:55  Drone  
  34  3:07  Metabolic Boost  
  34  3:08  Drone x2  
  34  3:11  Drone x3  
  39  3:24  Hatchery  
  38  3:27  Drone  
  38  3:28  Drone  
  38  3:30  Drone  
  41  3:35  Overlord  
  41  3:37  Drone x2  
  43  3:44  Spore Crawler  
  42  3:49  Drone  
  42  3:50  Spore Crawler  
  42  3:55  Queen  
  42  3:57  Drone  
  42  4:00  Drone  
  42  4:01  Zergling x8  
  50  4:03  Zergling x2  
  51  4:11  Drone  
  52  4:17  Overlord  
  52  4:18  Overlord  
  52  4:19  Overlord  
  52  4:24  Overlord  
  52  4:30  Extractor  
  51  4:32  Evolution Chamber  
  51  4:33  Overlord  
  51  4:34  Overlord  
  51  4:36  Queen  
  52  4:39  Drone  
  52  4:40  Drone x3  
  56  4:49  Drone  
  56  4:50  Drone x3  
  60  4:55  Drone x5  
  60  4:56  Spore Crawler  
  60  4:57  Drone  
  60  4:59  Drone  
  66  5:04  Drone x3  
  68  5:08  Zergling x2  
  68  5:10  Zergling x2  
Show
View Real Time Build Order
Export as new Build Order

Coffee Terran - Winner!

Build Orders: Reaper Expand 

Get SALT Encoding   

  12  0:00  SCV  
  13  0:12  SCV  
  14  0:17  Supply Depot  
  14  0:24  SCV  
  15  0:38  SCV  
  15  0:40  Barracks  
  16  0:43  Refinery  
  16  0:50  SCV  
  17  1:02  SCV  
  18  1:15  SCV  
  19  1:27  Orbital Command, Reaper  
  20  1:39  Command Center  
  20  1:48  Supply Depot  
  20  1:53  SCV  
  21  1:58  Marine  
  22  2:05  SCV  
  22  2:07  Factory  
  23  2:13  Refinery  
  23  2:17  SCV  
  23  2:20  Barracks Reactor  
  24  2:29  SCV  
  25  2:41  SCV  
  26  2:50  Orbital Command  
  26  2:53  Hellion, Starport  
  26  2:55  SCV  
  26  2:58  Marine x2  
  31  3:07  SCV  
  32  3:16  Widow Mine  
  32  3:17  Marine x2  
  32  3:18  SCV  
  32  3:19  SCV  
  38  3:24  Supply Depot  
  38  3:30  Medivac  
  38  3:31  SCV  
  38  3:32  SCV  
  42  3:34  Marine x2  
  42  3:37  Hellion  
  46  3:42  Supply Depot  
  46  3:46  SCV x2  
  47  3:58  SCV x2  
  47  4:01  Supply Depot  
  49  4:02  Liberator  
  49  4:07  Hellion x2  
  56  4:10  SCV x2  
  56  4:12  Barracks Tech Lab  
  56  4:14  Armory  
  58  4:23  SCV x2  
  60  4:26  Supply Depot  
  60  4:29  Hellion x2  
  64  4:35  SCV x2  
  66  4:41  Supply Depot  
  66  4:50  Hellion  
  66  4:51  Hellion  
  70  4:55  SCV x2  
  72  5:00  Command Center  
  72  5:10  SCV  
  72  5:11  SCV  
  75  5:19  Barracks  
  77  5:22  Barracks  
Tags
 
Add a new tag
Caveats
  • Supply blocks, unpowered buildings, or Contaminate may cause inaccurate times.
  • Supply counts are checked every 10 seconds.